Workbook

Sheet Budget Template
B2: Business Builds: Climatetech Project Budget Template
B4: Amended September 24, 2026
B5: INSTRUCTIONS: Please fill the GREEN cells. The BLUE cells are formulas and will auto-populate. RED text shows amendments.
B6: For items purchased/installed over multiple years (e.g., new building), create separate line items with different values in the "Fiscal Year Purchased" columns.
B10: BUDGET SUMMARY
C12: Applicant:
C13: Project Title:
C14: Project Period: | D14: FY27 - FY30
C15: Total Project Cost (new formula) | D15: =E65+E102+D18 -> 0
C16: Total MassCEC Funding Request: (new formula) | D16: =D17+D18 -> 0
C17: Total Request (new formula) | D17: =SUM(F30,F38,F46,F54) -> 0
C18: Contingency (new formula) | D18: =D17*E18 -> 0 | E18: 0.1
C19: Cash Cost-share (new formula) | D19: =SUM(G30,G38,G46,G54,E63,E78,G86,G93,G100) -> 0 | E19: =IFERROR((D19/D16),0) -> 0 | F19: (must be ≥ 50 %)
B23: CAPITAL EXPENSES Costs incurred during the purchase, construction, or permanent installation of equipment or infrastructure.
B24: Equipment — Reimbursable e.g., Grid emulators, battery cyclers, CNC machines, laser cutters, desks, etc. | C24: Useful Life (years) | D24: Fiscal Year Purchased (use dropdown) | E24: Total Project | F24: MassCEC Funding | G24: Cash Cost-share | H24: In-Kind Cost-share (not eligible)
B25: [E.g., Grid emulator - VENDOR NAME] | E25: =SUM(F25:H25) -> 0 | F25: 0 | G25: 0
E26: =SUM(F26:H26) -> 0 | F26: 0 | G26: 0
E27: =SUM(F27:H27) -> 0 | F27: 0 | G27: 0
E28: =SUM(F28:H28) -> 0 | F28: 0 | G28: 0
B29: [add rows as needed - insert them above this line to keep Subtotal formulas intact] | E29: =SUM(F29:H29) -> 0 | F29: 0 | G29: 0
B30: Subtotal: | E30: =SUM(F30:H30) -> 0 | F30: =SUM(F25:F29) -> 0 | G30: =SUM(G25:G29) -> 0
B32: Infrastructure — Reimbursable e.g., Buildings, property, HVAC systems, reinforced flooring for heavy equipment, environmental chambers. | C32: Useful Life (years) | D32: Fiscal Year Purchased (use dropdown) | E32: Total Project | F32: MassCEC Funding | G32: Cash Cost-share | H32: In-Kind Cost-share (not eligible)
B33: [e.g., Building expansion - VENDOR NAME, 5,000 sq ft at 123 ABC St, Boston MA] | E33: =SUM(F33:H33) -> 0 | F33: 0 | G33: 0
E34: =SUM(F34:H34) -> 0 | F34: 0 | G34: 0
E35: =SUM(F35:H35) -> 0 | F35: 0 | G35: 0
E36: =SUM(F36:H36) -> 0 | F36: 0 | G36: 0
B37: [add rows as needed - insert them above this line to keep Subtotal formulas intact] | E37: =SUM(F37:H37) -> 0 | F37: 0 | G37: 0
B38: Subtotal: | E38: =SUM(F38:H38) -> 0 | F38: =SUM(F33:F37) -> 0 | G38: =SUM(G33:G37) -> 0
B40: Capital Subcontractors / Consultants — Reimbursable Third-party installation, engineering, and construction services required to place equipment or infrastructure into service. | D40: Fiscal Year Purchased (use dropdown) | E40: Total Project | F40: MassCEC Funding | G40: Cash Cost-share | H40: In-Kind Cost-share (not eligible)
B41: [e.g., Install & commission grid emulator - VENDOR NAME] | E41: =SUM(F41:H41) -> 0 | F41: 0 | G41: 0
E42: =SUM(F42:H42) -> 0 | F42: 0 | G42: 0
E43: =SUM(F43:H43) -> 0 | F43: 0 | G43: 0
E44: =SUM(F44:H44) -> 0 | F44: 0 | G44: 0
B45: [add rows as needed - insert them above this line to keep Subtotal formulas intact] | E45: =SUM(F45:H45) -> 0 | F45: 0 | G45: 0
B46: Subtotal: | E46: =SUM(F46:H46) -> 0 | F46: =SUM(F41:F45) -> 0 | G46: =SUM(G41:G45) -> 0
B48: Other Capital Costs — Reimbursable Permanent building and installation materials that do not fit the above categories (e.g., structural steel, concrete conduit, wiring, piping). As well as capitalized software (i.e., software integrated in the operation of the funded equipment or infrastructure, or necessary for the generation of high-quality data from the equipment. Only perpetual or long-term licenses qualify, not Software as a Service (SaaS) subscriptions). | D48: Fiscal Year Purchased (use dropdown) | E48: Total Project | F48: MassCEC Funding | G48: Cash Cost-share | H48: In-Kind Cost-share (not eligible)
B49: [e.g., Structural steel & permanent wiring] | E49: =SUM(F49:H49) -> 0 | F49: 0 | G49: 0
E50: =SUM(F50:H50) -> 0 | F50: 0 | G50: 0
E51: =SUM(F51:H51) -> 0 | F51: 0 | G51: 0
E52: =SUM(F52:H52) -> 0 | F52: 0 | G52: 0
B53: [add rows as needed - insert them above this line to keep Subtotal formulas intact] | E53: =SUM(F53:H53) -> 0 | F53: 0 | G53: 0
B54: Subtotal: | E54: =SUM(F54:H54) -> 0 | F54: =SUM(F49:F53) -> 0 | G54: =SUM(G49:G53) -> 0
B56: Capital Labor — Not reimbursable, counts towards cash cost-share only Applicant's staff salaries/wages for capitalizable work as part of the project (installation, design, etc.). | E56: Total Project | F56: Wages FY27 Spring 2027 (Grant Execution) - June 30, 2027 | G56: Wages FY28 July 1, 2027 - June 30, 2028 | H56: Wages FY29 July 1, 2028 - June 30,2029 | I56: Wages FY30 July 1, 2029 - Spring 2030
B57: [e.g., Jane Doe, Facility Manager] | E57: =SUM(F57:I57) -> 0 | F57: 0 | G57: 0 | H57: 0 | I57: 0
E58: =SUM(F58:I58) -> 0 | F58: 0 | G58: 0 | H58: 0 | I58: 0
E59: =SUM(F59:I59) -> 0 | F59: 0 | G59: 0 | H59: 0 | I59: 0
E60: =SUM(F60:I60) -> 0 | F60: 0 | G60: 0 | H60: 0 | I60: 0
B61: [add rows as needed - insert them above this line to keep Subtotal formulas intact] | E61: =SUM(F61:I61) -> 0 | F61: 0 | G61: 0 | H61: 0 | I61: 0
B62: Subtotal: | E62: =SUM(E57:E61) -> 0 | F62: =SUM(F57:F61) -> 0 | G62: =SUM(G57:G61) -> 0 | H62: =SUM(H57:H61) -> 0 | I62: =SUM(I57:I61) -> 0
B63: Fringe (% of wages): | C63: 0 | D63: Capital Labor + Fringe: | E63: =E62+E62*C63 -> 0
B65: TOTAL CAPEX: | E65: =SUM(E30,E38,E46,E54,E63) -> 0
B69: OPERATING EXPENSES Recurring costs necessary for the day-to-day functioning of a business, such as rent, utilities, and salaries.
B70: Direct Labor — Not reimbursable, counts towards cash cost-share only Applicant's staff salaries/wages for non-capitalizable tasks, such as project management, grant reporting, etc. | E70: Total Project | F70: Wages FY27 Spring 2027 (Grant Execution) - June 30, 2027 | G70: Wages FY28 July 1, 2027 - June 30, 2028 | H70: Wages FY29 July 1, 2028 - June 30,2029 | I70: Wages FY30 July 1, 2029 - Spring 2030
B71: [e.g., John Smith, Program Manager] | E71: =SUM(F71:I71) -> 0 | F71: 0 | G71: 0 | H71: 0 | I71: 0
E72: =SUM(F72:I72) -> 0 | F72: 0 | G72: 0 | H72: 0 | I72: 0
E73: =SUM(F73:I73) -> 0 | F73: 0 | G73: 0 | H73: 0 | I73: 0
E74: =SUM(F74:I74) -> 0 | F74: 0 | G74: 0 | H74: 0 | I74: 0
B75: [add rows as needed - insert them above this line to keep Subtotal formulas intact] | E75: =SUM(F75:I75) -> 0 | F75: 0 | G75: 0 | H75: 0 | I75: 0
B76: Subtotal: | E76: =SUM(E71:E75) -> 0 | F76: =SUM(F71:F75) -> 0 | G76: =SUM(G71:G75) -> 0 | H76: =SUM(H71:H75) -> 0 | I76: =SUM(I71:I75) -> 0
B77: Fringe (% of wages): | C77: 0 | D77: Total Direct Labor Cost (wages + fringe + indirect)
B78: Indirect (% of wages & fringe): | C78: 0 | E78: =E76*(1+C77)*(1+C78) -> 0
B80: Subcontractors / Consultants — Not Reimbursable Third-party labor performing non-capitalizable tasks, such as project execution, evaluation, outreach, etc. | D80: Fiscal Year Purchased (use dropdown) | E80: Total Project | F80: MassCEC Funding (not eligible) | G80: Cash Cost-share | H80: In-Kind Cost-share (not eligible)
B81: [e.g., Task - VENDOR NAME] | E81: =SUM(G81:H81) -> 0 | G81: 0
E82: =SUM(G82:H82) -> 0 | G82: 0
E83: =SUM(G83:H83) -> 0 | G83: 0
E84: =SUM(G84:H84) -> 0 | G84: 0
B85: [add rows as needed - insert them above this line to keep Subtotal formulas intact] | E85: =SUM(G85:H85) -> 0 | G85: 0
B86: Subtotal: | E86: =SUM(G86:H86) -> 0 | G86: =SUM(G81:G85) -> 0
B88: Direct Materials — Not Reimbursable Office supplies, or software not directly tied to asset creation. | D88: Fiscal Year Purchased | E88: Total Project | F88: MassCEC Funding (not eligible) | G88: Cash Cost-share | H88: In-Kind Cost-share (not eligible)
B89: No specific line-items needed. We wanted to give you the option to provide blanket projections for each fiscal year -> | D89: FY27 | E89: =SUM(G89:H89) -> 0 | G89: 0
D90: FY28 | E90: =SUM(G90:H90) -> 0 | G90: 0
D91: FY29 | E91: =SUM(G91:H91) -> 0 | G91: 0
D92: FY30 | E92: =SUM(G92:H92) -> 0 | G92: 0
B93: Subtotal: | E93: =G93 -> 0 | G93: =SUM(G89:G92) -> 0
B95: Other Direct Costs — Not Reimbursable Expenses necessary for project execution that do not fit the above categories (travel costs, conferences, etc.). | D95: Fiscal Year Purchased | E95: Total Project | F95: MassCEC Funding (not eligible) | G95: Cash Cost-share | H95: In-Kind Cost-share (not eligible)
B96: No specific line-items needed. We wanted to give you the option to provide blanket projections for each fiscal year -> | D96: FY27 | E96: =SUM(G96:H96) -> 0 | G96: 0 | H96: 0
D97: FY28 | E97: =SUM(G97:H97) -> 0 | G97: 0 | H97: 0
D98: FY29 | E98: =SUM(G98:H98) -> 0 | G98: 0 | H98: 0
D99: FY30 | E99: =SUM(G99:H99) -> 0 | G99: 0 | H99: 0
B100: Subtotal: | E100: =G100 -> 0 | G100: =SUM(G96:G99) -> 0 | H100: =SUM(H96:H99) -> 0
D102: TOTAL OPEX: | E102: =SUM(E78,E86,E93,E100) -> 0

Sheet Fiscal Year Projections
B2: MassCEC Reimbursement Projection by Category & Fiscal Year Applicant must accurately project spending of the grant. The grant request may span fiscal years, but funding will not roll over from fiscal year to fiscal year. The funding must be spent within the projected fiscal year.
B3: Category | C3: FY27 Spring 2027 (Grant Execution) - June 30, 2027 | D3: FY28 July 1, 2027 - June 30, 2028 | E3: FY29 July 1, 2028 - June 30,2029 | F3: FY30 July 1, 2029 - Spring 2030
B4: Equipment | C4: =SUMIFS('Budget Template'!F25:F29,'Budget Template'!D25:D29,"FY27") -> 0 | D4: =SUMIFS('Budget Template'!F25:F29,'Budget Template'!D25:D29,"FY28") -> 0 | E4: =SUMIFS('Budget Template'!F25:F29,'Budget Template'!D25:D29,"FY29") -> 0 | F4: =SUMIFS('Budget Template'!F25:F29,'Budget Template'!D25:D29,"FY30") -> 0
B5: Infrastructure | C5: =SUMIFS('Budget Template'!F33:F37,'Budget Template'!D33:D37,"FY27") -> 0 | D5: =SUMIFS('Budget Template'!F33:F37,'Budget Template'!D33:D37,"FY28") -> 0 | E5: =SUMIFS('Budget Template'!F33:F37,'Budget Template'!D33:D37,"FY29") -> 0 | F5: =SUMIFS('Budget Template'!F33:F37,'Budget Template'!D33:D37,"FY30") -> 0
B6: Capital Subcontractors / Consultants | C6: =SUMIFS('Budget Template'!F41:F45,'Budget Template'!D41:D45,"FY27") -> 0 | D6: =SUMIFS('Budget Template'!F41:F45,'Budget Template'!D41:D45,"FY28") -> 0 | E6: =SUMIFS('Budget Template'!F41:F45,'Budget Template'!D41:D45,"FY29") -> 0 | F6: =SUMIFS('Budget Template'!F41:F45,'Budget Template'!D41:D45,"FY30") -> 0
B7: Other Capital Costs | C7: =SUMIFS('Budget Template'!F49:F53,'Budget Template'!D49:D53,"FY27") -> 0 | D7: =SUMIFS('Budget Template'!F49:F53,'Budget Template'!D49:D53,"FY28") -> 0 | E7: =SUMIFS('Budget Template'!F49:F53,'Budget Template'!D49:D53,"FY29") -> 0 | F7: =SUMIFS('Budget Template'!F49:F53,'Budget Template'!D49:D53,"FY30") -> 0
B8: Contingency (added to this tab) | C8: =SUM(C4:C7)*'Budget Template'!E18 -> 0 | D8: =SUM(D4:D7)*'Budget Template'!E18 -> 0 | E8: =SUM(E4:E7)*'Budget Template'!E18 -> 0 | F8: =SUM(F4:F7)*'Budget Template'!E18 -> 0
B9: Total | C9: =SUM(C4:C8) -> 0 | D9: =SUM(D4:D8) -> 0 | E9: =SUM(E4:E8) -> 0 | F9: =SUM(F4:F8) -> 0
B11: Cash Cost-Share Projection by Fiscal Year
B12: Category | C12: FY27 Spring 2027 (Grant Execution) - June 30, 2027 | D12: FY28 July 1, 2027 - June 30, 2028 | E12: FY29 July 1, 2028 - June 30,2029 | F12: FY30 July 1, 2029 - Spring 2030
B13: Equipment (new formula for E13) | C13: =SUMIFS('Budget Template'!G25:G29,'Budget Template'!D25:D29,"FY27") -> 0 | D13: =SUMIFS('Budget Template'!G25:G29,'Budget Template'!D25:D29,"FY28") -> 0 | E13: =SUMIFS('Budget Template'!G25:G29,'Budget Template'!D25:D29,"FY29") -> 0 | F13: =SUMIFS('Budget Template'!G25:G29,'Budget Template'!D25:D29,"FY30") -> 0
B14: Infrastructure | C14: =SUMIFS('Budget Template'!G33:G37,'Budget Template'!D33:D37,"FY27") -> 0 | D14: =SUMIFS('Budget Template'!G33:G37,'Budget Template'!D33:D37,"FY28") -> 0 | E14: =SUMIFS('Budget Template'!G33:G37,'Budget Template'!D33:D37,"FY29") -> 0 | F14: =SUMIFS('Budget Template'!G33:G37,'Budget Template'!D33:D37,"FY30") -> 0
B15: Capital Subcontractors / Consultants | C15: =SUMIFS('Budget Template'!G41:G45,'Budget Template'!D41:D45,"FY27") -> 0 | D15: =SUMIFS('Budget Template'!G41:G45,'Budget Template'!D41:D45,"FY28") -> 0 | E15: =SUMIFS('Budget Template'!G41:G45,'Budget Template'!D41:D45,"FY29") -> 0 | F15: =SUMIFS('Budget Template'!G41:G45,'Budget Template'!D41:D45,"FY30") -> 0
B16: Other Capital Costs | C16: =SUMIFS('Budget Template'!G49:G53,'Budget Template'!D49:D53,"FY27") -> 0 | D16: =SUMIFS('Budget Template'!G49:G53,'Budget Template'!D49:D53,"FY28") -> 0 | E16: =SUMIFS('Budget Template'!G49:G53,'Budget Template'!D49:D53,"FY29") -> 0 | F16: =SUMIFS('Budget Template'!G49:G53,'Budget Template'!D49:D53,"FY30") -> 0
B17: Capital Labor | C17: =('Budget Template'!F62*'Budget Template'!C63)+'Budget Template'!F62 -> 0 | D17: ='Budget Template'!G62+('Budget Template'!G62*'Budget Template'!C63) -> 0 | E17: ='Budget Template'!H62+('Budget Template'!H62*'Budget Template'!C63) -> 0 | F17: ='Budget Template'!I62+('Budget Template'!I62*'Budget Template'!C63) -> 0
B18: Direct Labor (new formula) | C18: ='Budget Template'!F76*(1+'Budget Template'!$C$77)*(1+'Budget Template'!$C$78) -> 0 | D18: ='Budget Template'!G76*(1+'Budget Template'!$C$77)*(1+'Budget Template'!$C$78) -> 0 | E18: ='Budget Template'!H76*(1+'Budget Template'!$C$77)*(1+'Budget Template'!$C$78) -> 0 | F18: ='Budget Template'!I76*(1+'Budget Template'!$C$77)*(1+'Budget Template'!$C$78) -> 0
B19: Subcontractors / Consultants | C19: =SUMIFS('Budget Template'!G81:G85,'Budget Template'!D81:D85,"FY27") -> 0 | D19: =SUMIFS('Budget Template'!G81:G85,'Budget Template'!D81:D85,"FY28") -> 0 | E19: =SUMIFS('Budget Template'!G81:G85,'Budget Template'!D81:D85,"FY29") -> 0 | F19: =SUMIFS('Budget Template'!G81:G85,'Budget Template'!D81:D85,"FY30") -> 0
B20: Direct Materials | C20: ='Budget Template'!G89 -> 0 | D20: ='Budget Template'!G90 -> 0 | E20: ='Budget Template'!G91 -> 0 | F20: ='Budget Template'!G92 -> 0
B21: Other Direct Costs | C21: ='Budget Template'!G96 -> 0 | D21: ='Budget Template'!G97 -> 0 | E21: ='Budget Template'!G98 -> 0 | F21: ='Budget Template'!G99 -> 0
B22: Total | C22: =SUM(C13:C21) -> 0 | D22: =SUM(D13:D21) -> 0 | E22: =SUM(E13:E21) -> 0 | F22: =SUM(F13:F21) -> 0
